| TOP OF THE 1ST |
|
Colorado Springs Sky Sox batting - Pitching for Iowa Cubs : LHP Kyle Foster
|
|
Pitching: LHP Kyle Foster
|
|
|
Batting: RHB Kennet Strijbis
|
0-0: Ground out 6-3 (Groundball, 6D, EV 103.8 MPH)
|
|
Batting: RHB Fu-Kang Duan
|
0-0: Swinging Strike 0-1: Foul Ball, location: 2F 0-2: Ball 1-2: Ground out 5-3 (Groundball, 56, EV 95.6 MPH)
|
|
Batting: RHB John Michener
|
0-0: Ball 1-0: Ball 2-0: Ball 3-0: Ground out 4-3 (Groundball, 4, EV 87.5 MPH)
|
| Top of the 1st over - 0 runs, 0 hits, 0 errors, 0 left on base; Colorado Springs 0 - Iowa 0 |
| BOTTOM OF THE 1ST |
|
Iowa Cubs batting - Pitching for Colorado Springs Sky Sox : LHP Mario Castro
|
|
Pitching: LHP Mario Castro
|
|
|
Batting: RHB Pat Barton
|
0-0: Ground out 5-3 (Groundball, 56, EV 88.1 MPH)
|
|
Batting: LHB Barend van der Kamp
|
0-0: Fly out, F8 (Flyball, 8LD, EV 101.9 MPH)
|
|
Batting: RHB Butch Koglin
|
0-0: Ball 1-0: Swinging Strike 1-1: Fly out, F9 (Flyball, 89D, EV 100.0 MPH)
|
| Bottom of the 1st over - 0 runs, 0 hits, 0 errors, 0 left on base; Colorado Springs 0 - Iowa 0 |
| TOP OF THE 2ND |
|
Colorado Springs Sky Sox batting - Pitching for Iowa Cubs : LHP Kyle Foster
|
|
Batting: LHB Koson Hirai
|
0-0: Foul Ball, location: 2F 0-1: Swinging Strike 0-2: Strikes out swinging
|
|
Batting: RHB George Lundy
|
0-0: Swinging Strike 0-1: Ground out 6-3 (Groundball, 6, EV 108.8 MPH)
|
|
Batting: RHB R.J. Anchondo
|
0-0: Ball 1-0: Fly out, F8 (Line Drive, 8RM, EV 95.0 MPH)
|
| Top of the 2nd over - 0 runs, 0 hits, 0 errors, 0 left on base; Colorado Springs 0 - Iowa 0 |
| BOTTOM OF THE 2ND |
|
Iowa Cubs batting - Pitching for Colorado Springs Sky Sox : LHP Mario Castro
|
|
Batting: SHB Nick Chandler
|
0-0: Called Strike 0-1: Foul Ball, location: 2F 0-2: Foul Ball, location: 2F 0-2: Foul Ball, location: 2F 0-2: Ball 1-2: Foul Ball, location: 2F 1-2: Foul Ball, location: 2F 1-2: Ball 2-2: Strikes out swinging
|
|
Batting: LHB Paul Perry
|
0-0: Ball 1-0: Called Strike 1-1: Called Strike 1-2: Foul Ball, location: 2F 1-2: Ground out U3 (Groundball, 3, EV 85.0 MPH)
|
|
Batting: LHB Chris Morgan
|
0-0: Ball 1-0: Swinging Strike 1-1: Ball 2-1: Called Strike 2-2: Strikes out looking
|
| Bottom of the 2nd over - 0 runs, 0 hits, 0 errors, 0 left on base; Colorado Springs 0 - Iowa 0 |
| TOP OF THE 3RD |
|
Colorado Springs Sky Sox batting - Pitching for Iowa Cubs : LHP Kyle Foster
|
|
Batting: LHB Dave Doughty
|
0-0: Ball 1-0: Called Strike 1-1: Ball 2-1: Swinging Strike 2-2: Foul Ball, location: 2F 2-2: Strikes out swinging
|
|
Batting: RHB Colin Lord
|
0-0: Called Strike 0-1: SINGLE (Line Drive, 4D, EV 98.8 MPH)
|
|
Batting: RHB Enrique Vazquez
|
0-0: Foul Ball, location: 2F 0-1: Ball 1-1: Fly out, F3 (Line Drive, 3, EV 73.1 MPH) Lined into DP, U3 (Line Drive, 3, EV 70.0 MPH)
|
| Top of the 3rd over - 0 runs, 1 hit, 0 errors, 0 left on base; Colorado Springs 0 - Iowa 0 |
| BOTTOM OF THE 3RD |
|
Iowa Cubs batting - Pitching for Colorado Springs Sky Sox : LHP Mario Castro
|
|
Batting: LHB J.D. Brenner
|
0-0: Foul Ball, location: 2F 0-1: Foul Ball, location: 2F 0-2: Foul Ball, location: 2F 0-2: Strikes out swinging
|
|
Batting: SHB R.J. Vargas
|
0-0: Called Strike 0-1: Swinging Strike 0-2: Ball 1-2: Ball 2-2: Ball 3-2: Foul Ball, location: 2F 3-2: SINGLE (Groundball, 13S, EV 65.6 MPH) (infield hit)
|
|
Batting: LHB Jose Mojica
|
0-0: Called Strike 0-1: Ball 1-1: Swinging Strike 1-2: Grounds into double play, 4-6-3 (Groundball, 4M, EV 81.2 MPH)
|
| Bottom of the 3rd over - 0 runs, 1 hit, 0 errors, 0 left on base; Colorado Springs 0 - Iowa 0 |
| TOP OF THE 4TH |
|
Colorado Springs Sky Sox batting - Pitching for Iowa Cubs : LHP Kyle Foster
|
|
Batting: RHB Kennet Strijbis
|
0-0: Bunt missed! 0-1: Ball 1-1: Called Strike 1-2: SINGLE (Groundball, 6MD, EV 103.1 MPH)
|
|
Batting: RHB Fu-Kang Duan
|
0-0: Fielders Choice at 2nd, 6-4 (Groundball, 6, EV 88.8 MPH)
|
|
Batting: RHB John Michener
|
0-0: Called Strike 0-1: Ball 1-1: Grounds out, U3 (Groundball, 3L, EV 99.4 MPH)
|
|
Batting: LHB Koson Hirai
|
0-0: Ball 1-0: Ball 2-0: Ground out 3-1 (Groundball, 34, EV 105.6 MPH)
|
| Top of the 4th over - 0 runs, 1 hit, 0 errors, 1 left on base; Colorado Springs 0 - Iowa 0 |
| BOTTOM OF THE 4TH |
|
Iowa Cubs batting - Pitching for Colorado Springs Sky Sox : LHP Mario Castro
|
|
Batting: RHB Pat Barton
|
0-0: Ball 1-0: Bunt missed! 1-1: Ball 2-1: Ball 3-1: Foul Ball, location: 2F 3-2: Base on Balls
|
|
Batting: LHB Barend van der Kamp
|
0-0: Foul Ball, location: 2F 0-1: Grounds into double play, 4-6-3 (Groundball, 34, EV 91.2 MPH)
|
|
Batting: RHB Butch Koglin
|
0-0: Ball 1-0: Ball 2-0: Called Strike 2-1: Ball 3-1: Base on Balls
|
|
Batting: SHB Nick Chandler
|
0-0: Called Strike 0-1: Swinging Strike 0-2: Ball 1-2: Strikes out looking
|
| Bottom of the 4th over - 0 runs, 0 hits, 0 errors, 1 left on base; Colorado Springs 0 - Iowa 0 |
| TOP OF THE 5TH |
|
Colorado Springs Sky Sox batting - Pitching for Iowa Cubs : LHP Kyle Foster
|
|
Batting: RHB George Lundy
|
0-0: Ball 1-0: Ball 2-0: Called Strike 2-1: Fly out, F4 (Popup, 4, EV 76.9 MPH)
|
|
Batting: RHB R.J. Anchondo
|
0-0: Ball 1-0: Ball 2-0: Called Strike 2-1: Foul Ball, location: 2F 2-2: Ground out 3-1 (Groundball, 13, EV 86.9 MPH)
|
|
Batting: LHB Dave Doughty
|
0-0: Ball 1-0: Ball 2-0: Called Strike 2-1: Called Strike 2-2: Fly out, F8 (Flyball, 8RXD, EV 94.4 MPH)
|
| Top of the 5th over - 0 runs, 0 hits, 0 errors, 0 left on base; Colorado Springs 0 - Iowa 0 |
| BOTTOM OF THE 5TH |
|
Iowa Cubs batting - Pitching for Colorado Springs Sky Sox : LHP Mario Castro
|
|
Batting: LHB Paul Perry
|
0-0: SINGLE (Groundball, 4MD, EV 106.9 MPH)
|
|
Batting: LHB Chris Morgan
|
0-0: Called Strike 0-1: Grounds into double play, 4-6-3 (Groundball, 34, EV 78.1 MPH)
|
|
Batting: LHB J.D. Brenner
|
0-0: Foul Ball, location: 2F 0-1: Ground out 4-3 (Groundball, 4, EV 93.8 MPH)
|
| Bottom of the 5th over - 0 runs, 1 hit, 0 errors, 0 left on base; Colorado Springs 0 - Iowa 0 |
| TOP OF THE 6TH |
|
Colorado Springs Sky Sox batting - Pitching for Iowa Cubs : LHP Kyle Foster
|
|
Batting: RHB Colin Lord
|
0-0: Ball 1-0: Ground out U3 (Groundball, 34S, EV 90.6 MPH)
|
|
Batting: RHB Enrique Vazquez
|
0-0: Foul Ball, location: 2F 0-1: Ball 1-1: Foul Ball, location: 2F 1-2: Foul Ball, location: 2F 1-2: SINGLE (Groundball, 4M, EV 101.2 MPH) (infield hit)
|
|
Batting: RHB Kennet Strijbis
|
0-0: Ball 1-0: Called Strike 1-1: Fielders Choice at 2nd, 6-4 (Groundball, 6, EV 82.5 MPH)
|
|
Batting: RHB Fu-Kang Duan
|
0-0: Ball Kennet Strijbis steals 2nd base 1-0: Ball 2-0: Foul Ball, location: 2F 2-1: SINGLE (Groundball, 6S, EV 75.0 MPH) (infield hit) Kennet Strijbis to third
|
|
Batting: RHB John Michener
|
0-0: Ball 1-0: Called Strike 1-1: Ball 2-1: Foul Ball, location: 2F 2-2: Ball 3-2: Ground out 1-3 (Groundball, 13, EV 65.6 MPH)
|
| Top of the 6th over - 0 runs, 2 hits, 0 errors, 2 left on base; Colorado Springs 0 - Iowa 0 |
| BOTTOM OF THE 6TH |
|
Iowa Cubs batting - Pitching for Colorado Springs Sky Sox : LHP Mario Castro
|
|
Batting: SHB R.J. Vargas
|
0-0: SINGLE (Groundball, 6MD, EV 96.9 MPH)
|
|
Batting: LHB Jose Mojica
|
0-0: Ball 1-0: Called Strike 1-1: Foul Ball, location: 2F 1-2: Strikes out swinging
|
|
Batting: RHB Pat Barton
|
0-0: Ball 1-0: Foul Ball, location: 2F 1-1: Foul Ball, location: 2F 1-2: Ball 2-2: Ball 3-2: Base on Balls R.J. Vargas to second
|
|
Batting: LHB Barend van der Kamp
|
0-0: Foul Ball, location: 2F 0-1: Ball 1-1: Ball 2-1: Ball 3-1: Grounds into double play, 4-6-3 (Groundball, 4M, EV 81.9 MPH)
|
| Bottom of the 6th over - 0 runs, 1 hit, 0 errors, 1 left on base; Colorado Springs 0 - Iowa 0 |
| TOP OF THE 7TH |
|
Colorado Springs Sky Sox batting - Pitching for Iowa Cubs : LHP Kyle Foster
|
|
Batting: LHB Koson Hirai
|
0-0: Called Strike 0-1: Ball 1-1: Foul Ball, location: 2F 1-2: Ground out 4-3 (Groundball, 4M, EV 96.9 MPH)
|
|
Batting: RHB George Lundy
|
0-0: Foul Ball, location: 2F 0-1: Swinging Strike 0-2: Ball 1-2: Ball 2-2: Ground out 6-3 (Groundball, 6S, EV 89.4 MPH)
|
|
Batting: RHB R.J. Anchondo
|
0-0: Called Strike 0-1: Called Strike 0-2: Ball 1-2: Ground out 5-3 (Groundball, 5S, EV 82.5 MPH)
|
| Top of the 7th over - 0 runs, 0 hits, 0 errors, 0 left on base; Colorado Springs 0 - Iowa 0 |
| BOTTOM OF THE 7TH |
|
Iowa Cubs batting - Pitching for Colorado Springs Sky Sox : LHP Mario Castro
|
|
Batting: RHB Butch Koglin
|
0-0: Called Strike 0-1: Ball 1-1: Ground out 4-3 (Groundball, 4, EV 101.2 MPH)
|
|
Batting: SHB Nick Chandler
|
0-0: Ball 1-0: Foul Ball, location: 2F 1-1: Swinging Strike 1-2: Strikes out swinging
|
|
Batting: LHB Paul Perry
|
0-0: Ball 1-0: Called Strike 1-1: Swinging Strike 1-2: Foul Ball, location: 2F 1-2: Foul Ball, location: 2F 1-2: Foul Ball, location: 2F 1-2: Foul Ball, location: 2F 1-2: Ball 2-2: Foul Ball, location: 2F 2-2: Foul Ball, location: 2F 2-2: Foul Ball, location: 2F 2-2: Strikes out swinging
|
| Bottom of the 7th over - 0 runs, 0 hits, 0 errors, 0 left on base; Colorado Springs 0 - Iowa 0 |
| TOP OF THE 8TH |
|
Colorado Springs Sky Sox batting - Pitching for Iowa Cubs : LHP Kyle Foster
|
|
Batting: LHB Dave Doughty
|
0-0: Ball 1-0: Ball 2-0: Called Strike 2-1: Called Strike 2-2: SINGLE (Groundball, 34D, EV 105.0 MPH)
|
|
Batting: RHB Colin Lord
|
0-0: Sac Bunt to 3S - play at first, batter safe! Dave Doughty to second
|
|
Batting: RHB Enrique Vazquez
|
0-0: Sac Bunt to 15 - play at first, batter OUT! 1-4 Dave Doughty to third Colin Lord to second
|
|
Batting: RHB Kennet Strijbis
|
0-0: Called Strike 0-1: Ball 1-1: Foul Ball, location: 2F 1-2: Ball 2-2: Ball 3-2: Strikes out looking
|
|
Batting: RHB Fu-Kang Duan
|
0-0: Ball 1-0: Called Strike 1-1: Ball 2-1: Foul Ball, location: 2F 2-2: Foul Ball, location: 2F 2-2: Foul Ball, location: 2F 2-2: Fly out, F8 (Flyball, 89XD, EV 108.8 MPH)
|
| Top of the 8th over - 0 runs, 2 hits, 0 errors, 2 left on base; Colorado Springs 0 - Iowa 0 |
| BOTTOM OF THE 8TH |
|
Iowa Cubs batting - Pitching for Colorado Springs Sky Sox : LHP Mario Castro
|
|
Pitching: RHP Mason Albrecht
|
|
|
Batting: LHB Chris Morgan
|
0-0: Called Strike 0-1: Ball 1-1: Ground out 1-3 (Groundball, 13, EV 71.2 MPH)
|
|
Batting: LHB J.D. Brenner
|
0-0: Called Strike 0-1: Foul Ball, location: 2F 0-2: Strikes out swinging
|
|
Batting: SHB R.J. Vargas
|
0-0: Ball 1-0: Called Strike 1-1: Ground out 5-3 (Groundball, 56, EV 105.0 MPH)
|
| Bottom of the 8th over - 0 runs, 0 hits, 0 errors, 0 left on base; Colorado Springs 0 - Iowa 0 |
| TOP OF THE 9TH |
|
Colorado Springs Sky Sox batting - Pitching for Iowa Cubs : LHP Kyle Foster
|
|
Pitching: RHP Andy Temples
|
|
|
Batting: RHB John Michener
|
0-0: Called Strike 0-1: Swinging Strike 0-2: Ball 1-2: Fly out, F8 (Flyball, 8RXD, EV 108.1 MPH)
|
|
Batting: LHB Koson Hirai
|
0-0: Ball 1-0: Foul Ball, location: 2F 1-1: Ball 2-1: Foul Ball, location: 2F 2-2: Foul Ball, location: 2F 2-2: Foul Ball, location: 2F 2-2: Ground out 6-3 (Groundball, 6S, EV 90.0 MPH)
|
|
Batting: RHB George Lundy
|
0-0: Called Strike 0-1: Ball 1-1: Foul Ball, location: 2F 1-2: Ground out U3 (Groundball, 13, EV 91.2 MPH)
|
| Top of the 9th over - 0 runs, 0 hits, 0 errors, 0 left on base; Colorado Springs 0 - Iowa 0 |
| BOTTOM OF THE 9TH |
|
Iowa Cubs batting - Pitching for Colorado Springs Sky Sox : RHP Mason Albrecht
|
|
Batting: LHB Jose Mojica
|
0-0: Called Strike 0-1: SINGLE (Groundball, 4D, EV 96.2 MPH)
|
|
Batting: RHB Pat Barton
|
0-0: Ball 1-0: Called Strike 1-1: SINGLE (Flyball, 3D, EV 90.0 MPH) Jose Mojica to second Runner from 2nd tries for 3rd, SAFE, throw by RF made to third
|
|
Batting: LHB Barend van der Kamp
|
0-0: Fielders Choice at home, 6-2 (Groundball, 6, EV 96.9 MPH) Pat Barton to second
|
|
Batting: RHB Butch Koglin
|
0-0: Ball 1-0: Ball 2-0: Called Strike 2-1: Grounds into double play, 6-4-3 (Groundball, 6MD, EV 103.8 MPH)
|
| Bottom of the 9th over - 0 runs, 2 hits, 0 errors, 1 left on base; Colorado Springs 0 - Iowa 0 |
| TOP OF THE 10TH |
|
Colorado Springs Sky Sox batting - Pitching for Iowa Cubs : RHP Andy Temples
|
|
Batting: RHB R.J. Anchondo
|
0-0: Ball 1-0: Swinging Strike 1-1: Called Strike 1-2: Ball 2-2: Ball 3-2: Strikes out swinging
|
|
Batting: LHB Dave Doughty
|
0-0: Ball 1-0: Ball 2-0: SINGLE (Line Drive, 6D, EV 98.1 MPH)
|
|
Batting: RHB Colin Lord
|
0-0: Sac Bunt to 15 - play at first, batter OUT! 1-4 Dave Doughty to second
|
|
Batting: RHB Enrique Vazquez
|
0-0: Ball 1-0: Swinging Strike 1-1: Ball 2-1: Swinging Strike 2-2: Strikes out swinging
|
| Top of the 10th over - 0 runs, 1 hit, 0 errors, 1 left on base; Colorado Springs 0 - Iowa 0 |
| BOTTOM OF THE 10TH |
|
Iowa Cubs batting - Pitching for Colorado Springs Sky Sox : RHP Mason Albrecht
|
|
Pitching: RHP Victor Castillo
|
|
|
Batting: SHB Nick Chandler
|
0-0: Called Strike 0-1: Foul Ball, location: 2F 0-2: Ball 1-2: Ball 2-2: Ball 3-2: Foul Ball, location: 2F 3-2: Foul Ball, location: 2F 3-2: Strikes out swinging
|
|
Batting: LHB Paul Perry
|
0-0: Ball 1-0: Ball 2-0: Swinging Strike 2-1: Swinging Strike 2-2: Ground out U3 (Groundball, 34, EV 85.0 MPH)
|
|
Batting: LHB Chris Morgan
|
0-0: Ball 1-0: Ground out 4-3 (Groundball, 4, EV 82.5 MPH)
|
| Bottom of the 10th over - 0 runs, 0 hits, 0 errors, 0 left on base; Colorado Springs 0 - Iowa 0 |
| TOP OF THE 11TH |
|
Colorado Springs Sky Sox batting - Pitching for Iowa Cubs : RHP Andy Temples
|
|
Batting: RHB Kennet Strijbis
|
0-0: Ball 1-0: Swinging Strike 1-1: Ball 2-1: Called Strike 2-2: Strikes out swinging
|
|
Batting: RHB Fu-Kang Duan
|
0-0: Ground out 6-3 (Groundball, 6, EV 85.6 MPH)
|
|
Batting: RHB John Michener
|
0-0: Called Strike 0-1: Ball 1-1: Fly out, F7 (Flyball, 78S, EV 88.1 MPH)
|
| Top of the 11th over - 0 runs, 0 hits, 0 errors, 0 left on base; Colorado Springs 0 - Iowa 0 |
| BOTTOM OF THE 11TH |
|
Iowa Cubs batting - Pitching for Colorado Springs Sky Sox : RHP Victor Castillo
|
|
Batting: LHB J.D. Brenner
|
0-0: Called Strike 0-1: Ball 1-1: Ball 2-1: Foul Ball, location: 2F 2-2: Strikes out looking
|
|
Batting: SHB R.J. Vargas
|
0-0: Called Strike 0-1: Ball 1-1: Foul Ball, location: 2F 1-2: Ball 2-2: Fly out, F7 (Flyball, 7, EV 88.8 MPH)
|
|
Batting: LHB Jose Mojica
|
0-0: Foul Ball, location: 2F 0-1: Ball 1-1: Foul Ball, location: 2F 1-2: Ball 2-2: Foul Ball, location: 2F 2-2: Strikes out swinging
|
| Bottom of the 11th over - 0 runs, 0 hits, 0 errors, 0 left on base; Colorado Springs 0 - Iowa 0 |
| TOP OF THE 12TH |
|
Colorado Springs Sky Sox batting - Pitching for Iowa Cubs : RHP Andy Temples
|
|
Batting: LHB Koson Hirai
|
0-0: Ball 1-0: Called Strike 1-1: Ball 2-1: Foul Ball, location: 2F 2-2: Ball 3-2: Foul Ball, location: 2F 3-2: Fly out, F7 (Flyball, 78D, EV 78.8 MPH)
|
|
Batting: RHB George Lundy
|
0-0: Ball 1-0: Ground out 1-3 (Groundball, 13S, EV 69.4 MPH)
|
|
Batting: RHB R.J. Anchondo
|
0-0: Ball 1-0: Called Strike 1-1: Ball 2-1: Foul Ball, location: 2F 2-2: Ball 3-2: Base on Balls
|
|
Pitching: RHP Bryant Bradley
|
|
|
Batting: LHB Dave Doughty
|
0-0: Called Strike 0-1: Foul Ball, location: 2F 0-2: Ball 1-2: Fly out, F9 (Flyball, 9, EV 89.4 MPH)
|
| Top of the 12th over - 0 runs, 0 hits, 0 errors, 1 left on base; Colorado Springs 0 - Iowa 0 |
| BOTTOM OF THE 12TH |
|
Iowa Cubs batting - Pitching for Colorado Springs Sky Sox : RHP Victor Castillo
|
|
Batting: RHB Pat Barton
|
0-0: Called Strike 0-1: SOLO HOME RUN (Flyball, 7D, EV 98.8 MPH), Distance : 372 ft
|
| Bottom of the 12th over - 1 run, 1 hit, 0 errors, 0 left on base; Colorado Springs 0 - Iowa 1 |
| |
|
Game Over ... Iowa defeats Colorado Springs, 1 to 0
|
|
|